 Dungeon Crawl Stone Soup version 0.20.0-10-g0535bb4 (webtiles) character file.

543 Inchmeat the Skirmisher (level 7, -4/59 HPs)
             Began as a Demonspawn Gladiator on June 5, 2017.
             Slain by Menkaure (12 damage)
             ... on level 5 of the Dungeon.
             The game lasted 00:10:46 (3823 turns).

Inchmeat the Skirmisher (Demonspawn Gladiator)      Turns: 3823, Time: 00:10:48

Health: -4/59      AC:  7    Str: 16    XL:     7   Next: 6%
Magic:  7/7        EV: 13    Int:  9    God:
Gold:   217        SH:  4    Dex: 15    Spells: 6/6 levels left

rFire    + . .     SeeInvis .   a - +2 quarterstaff
rCold    . . .     Gourm    .   (shield currently unavailable)
rNeg     . . .     Faith    .   t - +1 leather armour {rC+}
rPois    .         Spirit   .   (helmet restricted)
rElec    .         Reflect  .   (no cloak)
rCorr    +         Harm     .   (no gloves)
MR       .....                  c - +2 pair of boots
Stlth    +++.......             n - amulet of rage
Regen    0.2/turn               m - ring of fire
MPRegen  0.1/turn               w - ring of resist corrosion

@: no status effects
A: antennae 2, large bone plates 1, nightstalker 1, rot immunity
a: Evoke Berserk Rage


You were on level 5 of the Dungeon.
You were hungry.

You visited 1 branch of the dungeon, and saw 5 of its levels.

You collected 217 gold pieces.

Inventory:

Hand Weapons
 a - a +2 quarterstaff (weapon)
Missiles
 d - 3 throwing nets (quivered)
Armour
 c - a +2 pair of boots (worn)
 e - a +0 robe of magic resistance
 t - a +1 leather armour of cold resistance (worn)
Jewellery
 m - a ring of fire (left hand)
 n - an amulet of rage (around neck)
 w - a ring of resist corrosion (right hand)
Wands
 y - a wand of confusion (30/48)
Scrolls
 h - 2 scrolls of teleportation {unknown}
 p - 2 scrolls of identify
Potions
 i - 2 potions of flight {unknown}
 l - 2 potions of curing
 q - a potion of berserk rage {unknown}
 s - 2 potions of invisibility {unknown}
 u - a potion of heal wounds
 x - a potion of might {unknown}
 z - a potion of brilliance {unknown}
Comestibles
 f - 4 bread rations
 g - 7 fruits
 k - a royal jelly
 r - a meat ration


   Skills:
 * Level 6.5 Fighting
 - Level 2.6 Staves
 - Level 1.7 Throwing
 + Level 3.2 Armour
 - Level 2.6 Dodging
 - Level 1.2 Stealth


You had 6 spell levels left.
You didn't know any spells.

Dungeon Overview and Level Annotations

Branches:
Dungeon (5/15)
 Temple: D:4-7

Altars:
Nemelex Xobeh
Trog
Uskayaw
Yredelemnul

Annotations:
D:5 Menkaure


Innate Abilities, Weirdness & Mutations

You have a pair of antennae on your head.
You are partially covered in large bone plates. (SH +4)
You are slightly more attuned to the shadows.
You are immune to rotting.


Message History

Menkaure is severely damaged.
Menkaure hits you. Menkaure barely misses you.
An orc comes into view. It is wielding a falchion.
You hit Menkaure but do no damage.
Menkaure is severely damaged.
Menkaure hits you!
You hit Menkaure.
Menkaure is severely damaged.
Menkaure calls on the powers of darkness!
The orc convulses!
Your body is wracked with pain!
You are too injured to fight recklessly!
You are too injured to fight recklessly!
You hit Menkaure but do no damage.
Menkaure is severely damaged.
Menkaure's bandages flutter.
Menkaure points at you and mumbles some strange words.
Pain shoots through your body!
* * * LOW HITPOINT WARNING * * *
The orc closely misses you. Menkaure hits you!
You die...

.. .........
o.#.......# .
#.#.$.....#..
###.#§........
#.....§§§§§§.#
....#.Mo§§§§.#
......§@§§#
....####### ..


You could see Menkaure, an orc wizard and an orc.

Vanquished Creatures
  An ice beast (D:4)
  Purgy (D:4)
  An orc priest (D:4)
  An orc wizard (D:3)
  Ijyb (D:3)
  Natasha (thrice) (D:2)
  A worker ant (D:3)
  7 adders
  2 oozes
  A worm (D:3)
  2 dart slugs
  2 leopard geckos
  9 orcs
  7 bats
  5 giant cockroaches
  8 hobgoblins
  8 jackals
  6 kobolds
  3 quokkas (D:2)
  A ball python (D:2)
  2 frilled lizards
  5 goblins
  17 rats
  A plant (D:1)
95 creatures vanquished.

Notes
Turn   | Place    | Note
-------+----------+-------------------------------------------
     0 | D:1      | Inchmeat the Demonspawn Gladiator began the quest for the Orb.
     0 | D:1      | Reached XP level 1. HP: 16/16 MP: 1/1
   110 | D:1      | Gained mutation: You are immune to rotting. [demonic ancestry]
   110 | D:1      | Reached XP level 2. HP: 18/23 MP: 2/2
   587 | D:1      | Reached skill level 3 in Fighting
   660 | D:2      | Gained mutation: You have a pair of small antennae on your head. [demonic ancestry]
   660 | D:2      | Reached XP level 3. HP: 29/29 MP: 3/3
   731 | D:2      | Noticed a moth of wrath
   734 | D:2      | Found a bloodstained altar of Trog.
   751 | D:2      | Reached skill level 1 in Armour
  1597 | D:2      | Gained mutation: You are partially covered in large bone plates. (SH +4) [demonic ancestry]
  1597 | D:2      | Reached XP level 4. HP: 30/37 MP: 4/4
  1635 | D:2      | Noticed Natasha
  1649 | D:2      | HP: 1/37 [Natasha (6)]
  1653 | D:2      | Killed Natasha
  1653 | D:2      | Reached skill level 4 in Fighting
  2201 | D:2      | Reached skill level 1 in Stealth
  2202 | D:2      | Noticed Natasha
  2209 | D:2      | Killed Natasha
  2209 | D:2      | Reached XP level 5. HP: 38/43 MP: 5/5
  2225 | D:2      | Found a basalt altar of Yredelemnul.
  2231 | D:2      | Found a hide-covered altar of Uskayaw.
  2268 | D:2      | Found a sparkling altar of Nemelex Xobeh.
  2291 | D:2      | Noticed Natasha
  2297 | D:2      | Killed Natasha
  2873 | D:3      | Reached skill level 5 in Fighting
  2958 | D:3      | Gained mutation: You have a pair of antennae on your head. [demonic ancestry]
  2958 | D:3      | Reached XP level 6. HP: 41/51 MP: 6/6
  3039 | D:3      | Noticed Ijyb
  3068 | D:3      | Killed Ijyb
  3605 | D:4      | Noticed an ice beast
  3614 | D:4      | Killed an ice beast
  3614 | D:4      | Reached skill level 6 in Fighting
  3628 | D:4      | Noticed Purgy
  3634 | D:4      | Killed Purgy
  3634 | D:4      | Gained mutation: You are slightly more attuned to the shadows. [demonic ancestry]
  3634 | D:4      | Reached XP level 7. HP: 49/59 MP: 7/7
  3809 | D:5      | Entered Level 5 of the Dungeon
  3814 | D:5      | Noticed Menkaure
  3823 | D:5      | Slain by Menkaure

Skill      XL: |  1  2  3  4  5  6 |
---------------+-------------------+-----
Fighting       | 3 4 5 6 |  6.5
Armour         | 1 2 3 |  3.2
Stealth        | 1 |  1.2
Staves         | |  2.6
Throwing       | |  1.7
Dodging        | |  2.6

Action                   |  1- 3 |  4- 6 |  7- 9 || total
-------------------------+-------+-------+-------++-------
Melee: Quarterstaff      |   107 |   208 |     7 ||   322
  Use: Scroll            |     4 |     1 |     3 ||     8
       Potion            |     1 |     2 |       ||     3
 Stab: Sleeping          |     1 |     9 |       ||    10
  Eat: Chunk             |     1 |     8 |       ||     9
Armor: Leather armour    |    19 |    47 |     1 ||    67
       Robe              |       |     8 |       ||     8
       Skin              |       |     2 |       ||     2
Dodge: Dodged            |    51 |   137 |     3 ||   191
Block: Other             |       |    23 |     1 ||    24
